 Dungeon Crawl Stone Soup version 0.21.0-3-g78d12a8 (webtiles) character file.

20248 HungrySpirit the Jinx (level 12, -7/64 HPs)
             Began as a Deep Elf Artificer on Jan 8, 2018.
             Was an Elder of Vehumet.
             Mangled by a two-headed ogre
             ... wielding a +2 great mace of flaming
              (25 damage)
             ... in a volcano.
             The game lasted 01:08:24 (21287 turns).

HungrySpirit the Jinx (Deep Elf Artificer)         Turns: 21287, Time: 01:08:25

Health: -7/64      AC:  8    Str:  9    XL:     12   Next: 43%
Magic:  29/38      EV: 20    Int: 22    God:    Vehumet [****..]
Gold:   807        SH:  0    Dex: 15    Spells: 10/33 levels left

rFire    + . .     SeeInvis +   n - +2 short sword (venom)
rCold    . . .     Gourm    .   (no shield)
rNeg     . . .     Faith    .   c - +2 robe
rPois    +         Spirit   .   e - +1 helmet {SInv}
rElec    .         Reflect  .   M - +1 cloak {rPois}
rCorr    .         Harm     .   (no gloves)
MR       +....                  (no boots)
Stlth    ++........             (no amulet)
HPRegen  0.20/turn              a - ring of magical power
MPRegen  0.26/turn              N - ring of protection from fire

@: no status effects
A: no striking features
a: Renounce Religion


You were in a volcano.
You worshipped Vehumet.
Vehumet was greatly pleased with you.
You were hungry.

You visited 2 branches of the dungeon, and saw 15 of its levels.
You also visited: Volcano.

You collected 807 gold pieces.

Inventory:

Hand Weapons
 n - a +2 short sword of venom (weapon)
 A - a +2 short sword of protection
 D - a +2 whip of electrocution
Armour
 c - a +2 robe (worn)
 e - a +1 helmet of see invisible (worn)
 M - a +1 cloak of poison resistance (worn)
Jewellery
 a - a ring of magical power (left hand)
 r - an uncursed ring of see invisible
 w - an uncursed amulet of regeneration {unknown}
 N - a ring of protection from fire (right hand)
Wands
 d - a wand of digging (8)
 F - a wand of disintegration (9)
 G - a wand of paralysis (31)
 L - a wand of scattershot (11)
Scrolls
 h - 4 scrolls of fog
 i - 3 scrolls of teleportation
 j - 3 scrolls of immolation
 k - a scroll of enchant armour
 m - 2 scrolls of remove curse
 q - a scroll of magic mapping
 u - 2 scrolls of amnesia
 B - a scroll of brand weapon
 I - a scroll of silence
 K - a scroll of noise
 O - a scroll of summoning
 P - 2 scrolls of vulnerability
Potions
 b - a potion of berserk rage
 g - 2 potions of mutation
 l - 6 potions of curing
 o - 2 potions of lignification
 p - a potion of heal wounds
 s - 4 potions of flight
 v - a potion of magic
 x - 3 potions of resistance
 z - 3 potions of haste
 J - 2 potions of might
 R - a potion of cancellation
Books
 y - a book of Maledictions

   Spells                             Type                      Level
   a - Corona                         Hexes                        1
   b - Ensorcelled Hibernation        Hexes/Ice                    2
   c - Confuse                        Hexes                        3
   d - Tukima's Dance                 Hexes                        3
   e - Dazzling Spray                 Conjuration/Hexes            3
 E - a book of Misfortune

   Spells                             Type                      Level
   a - Confusing Touch                Hexes                        1
   b - Confuse                        Hexes                        3
   c - Gell's Gravitas                Translocation                3
   d - Petrify                        Transmutation/Earth          4
   e - Metabolic Englaciation         Hexes/Ice                    5
   f - Yara's Violent Unravelling     Hexes/Transmutation          5
 H - a book of Enchantments

   Spells                             Type                      Level
   a - Cause Fear                     Hexes                        4
   b - Yara's Violent Unravelling     Hexes/Transmutation          5
   c - Silence                        Hexes/Air                    5
   d - Deflect Missiles               Charms/Air                   6
   e - Discord                        Hexes                        8
 S - a book of Debilitation

   Spells                             Type                      Level
   a - Corona                         Hexes                        1
   b - Slow                           Hexes                        2
   c - Inner Flame                    Hexes/Fire                   3
   d - Portal Projectile              Hexes/Translocation          3
   e - Cause Fear                     Hexes                        4
   f - Leda's Liquefaction            Hexes/Earth                  4
Comestibles
 f - 16 rations
 t - 9 chunks of flesh


   Skills:
 - Level 3.0 Fighting
 - Level 8.0 Short Blades
 + Level 11.3 Dodging
 - Level 1.2 Stealth
 + Level 11.0 Spellcasting
 * Level 10.1 Conjurations
 + Level 12.8 Hexes
 + Level 3.8 Fire Magic
 - Level 3.2 Evocations


You had 10 spell levels left.
You knew the following spells:

 Your Spells              Type           Power        Failure   Level  Hunger
a - Ensorcelled Hibernat  Hex/Ice        #####.       1%          2    None
b - Confuse               Hex            ######..     1%          3    None
c - Tukima's Dance        Hex            ######..     1%          3    None
d - Dazzling Spray        Conj/Hex       ######       1%          3    None
e - Ignite Poison         Fire/Tmut/Pois ###.....     2%          3    None
f - Deflect Missiles      Chrm/Air       ##........   100%        6    ######.
g - Conjure Flame         Conj/Fire      #####...     1%          3    None


Dungeon Overview and Level Annotations

Branches:
Dungeon (12/15)            Temple (0/1) D:7            Lair (3/6) D:10
  Swamp (0/4) Lair:3          Orc (0/2) D:11
  Snake: Lair:2-4    Spider: Lair:2-4

Altars:
Dithmenos
Fedhas
Kikubaaqudgha
Makhleb
Okawaru
Qazlal
Ru
Trog
Uskayaw
Vehumet
Zin
The Shining One

Shops:
D:5 %   D:6 %

Annotations:
D:8 Joseph


Message History

* * * LOW HITPOINT WARNING * * *
The two-headed ogre completely misses you.
Okay, then.
The hell hound closely misses you. The hell hound misses you.
The hell hound breathes flames at you. The blast of flame misses you.
Unknown command.
The hell hound bites you!
* * * LOW HITPOINT WARNING * * *
The hell hound bites you but does no damage.
The air gets thick with the scent of sulphur.
The fire bat completely misses you.
Unknown command.
Okay, then.
Okay, then.
You feel much better. The fire bat completely misses you.
The hell hound barely misses you. The hell hound bites you!
* * * LOW HITPOINT WARNING * * *
The two-headed ogre hits you with a great mace of flaming!!
You die...

§#≈#≈#≈ #§≈≈≈#≈≈§
§≈#§§≈≈≈§#### ≈
#≈≈≈≈≈≈≈##∩∩# ≈≈
≈≈≈≈≈≈≈≈#(#### ≈≈≈
#≈≈≈§§§≈§#)((## ≈≈≈≈
≈≈≈§§(#####.#≈≈≈≈≈
≈§≈§§....O..b≈≈≈≈≈≈
§≈≈≈≈§....h@..≈≈≈≈≈≈
§§§≈§§..####...≈≈≈≈≈
≈§§§§§.## ##..≈≈≈≈≈
§≈≈≈§§§.# .≈≈≈≈≈≈
§≈≈§≈§..# O.≈≈≈≈≈
§≈§≈≈≈.# .≈≈≈≈≈≈
≈≈§≈≈§. ≈≈≈≈ ≈§≈≈
≈≈≈≈


You could see a two-headed ogre, a hell hound, a fire bat and a friendly great
mace of flaming.

Vanquished Creatures
  3 hydras
  3 two-headed ogres
  2 death yaks (Lair:2)
  Pikel (D:8)
  A salamander (Volcano)
  Maurice (D:9)
  A black mamba (Lair:2)
  Psyche (D:10)
  A torpor snail (Lair:2)
  2 spiny frogs (Lair:1)
  2 komodo dragons (Lair:2)
  The ghost of BonusName the Skirmisher, an amateur MiFi of Gozag (D:4)
  2 trolls (D:11)
  2 hippogriffs (D:8)
  A shadow (D:11)
  14 yaks
  A fire bat (Volcano)
  2 wyverns
  2 hungry ghosts
  A basilisk (D:10)
  A steam dragon (D:10)
  An acid dragon (D:10)
  9 water moccasins
  2 porcupines
  3 orc warriors
  A slave (D:8)
  A black bear (D:6)
  2 necrophages (D:9)
  4 sky beasts
  An eye of draining (D:9)
  4 ice beasts
  3 phantoms
  6 ogres
  7 crocodiles
  6 centaurs
  4 wolves (Lair:2)
  8 bullfrogs
  3 scorpions
  5 killer bees (D:11)
  7 wights
  2 howler monkeys (D:9)
  3 crimson imps
  2 bullfrog zombies
  2 jellies
  5 orc priests
  5 hounds
  12 orc wizards
  6 bullfrog skeletons
  2 iguanas
  Terence (D:2)
  4 worker ants
  A hound skeleton (D:5)
  A hound zombie (D:5)
  41 orcs
  2 worker ant zombies
  16 adders
  8 gnolls
  5 shadow imps
  2 oozes (D:2)
  2 adder zombies
  2 worms
  A dart slug (D:1)
  2 leopard geckos
  3 giant cockroaches
  5 goblins
  7 hobgoblins
  3 jackals (D:3)
  7 quokkas
  2 ball pythons
  4 bats
  10 frilled lizards
  A jackal skeleton (D:4)
  10 kobolds
  A leopard gecko skeleton (D:4)
  11 rats
313 creatures vanquished.

Vanquished Creatures (collateral kills)
  Sonja (D:10)
  An orc knight (D:11)
  2 orc warriors
  A jelly (D:6)
  Jessica (D:2)
  3 gnolls
  3 orcs
  A goblin (D:2)
  A rat (D:2)
14 creatures vanquished.

Vanquished Creatures (others)
  4 dancing weapons
  A sky beast (D:6)
  3 slaves (D:8)
  An orc priest (D:2)
  A worker ant (D:8)
  2 gnolls (D:4)
  An adder (D:2)
  An adder skeleton (D:6)
  A leopard gecko (D:8)
  An orc (D:8)
  A fungus (Lair:2)
  2 plants (Lair:2)
19 creatures vanquished.

Grand Total: 346 creatures vanquished

Notes
Turn   | Place    | Note
-------+----------+-------------------------------------------
     0 | D:1      | HungrySpirit the Deep Elf Artificer began the quest for the Orb.
     0 | D:1      | Reached XP level 1. HP: 11/11 MP: 5/5
   102 | D:1      | Reached skill level 1 in Fighting
   273 | D:1      | Reached XP level 2. HP: 16/16 MP: 6/6
   777 | D:2      | Noticed Terence
   783 | D:2      | Killed Terence
   783 | D:2      | Reached XP level 3. HP: 2/20 MP: 7/7
  1273 | D:2      | Reached XP level 4. HP: 25/25 MP: 8/8
  1919 | D:2      | Noticed Jessica
  1937 | D:2      | Killed Jessica
  2243 | D:2      | Reached XP level 5. HP: 25/30 MP: 9/9
  3083 | D:3      | Found a glowing golden altar of the Shining One.
  4518 | D:4      | Reached XP level 6. HP: 36/36 MP: 10/10
  4567 | D:4      | Noticed BonusName's ghost (amateur MiFi)
  4572 | D:4      | Killed BonusName's ghost
  4572 | D:4      | Reached skill level 5 in Short Blades
  4572 | D:4      | Reached skill level 5 in Dodging
  4572 | D:4      | Reached XP level 7. HP: 41/41 MP: 11/11
  5053 | D:4      | Reached skill level 1 in Spellcasting
  5375 | D:4      | Learned a level 2 spell: Ensorcelled Hibernation
  5379 | D:4      | Learned a level 3 spell: Confuse
  5513 | D:4      | Found a glowing silver altar of Zin.
  5649 | D:5      | Entered Level 5 of the Dungeon
  5683 | D:5      | Reached skill level 1 in Hexes
  5718 | D:5      | Found a sand-covered staircase.
  6316 | D:5      | Found a radiant altar of Vehumet.
  6324 | D:5      | Reached skill level 2 in Hexes
  6384 | D:5      | Found Fekojato's Food Shoppe.
  6588 | D:5      | Became a worshipper of Vehumet
  7058 | D:6      | Reached skill level 3 in Hexes
  7478 | D:6      | Reached XP level 8. HP: 33/46 MP: 11/14
  7972 | D:6      | Reached skill level 4 in Hexes
  8260 | D:6      | Found a burning altar of Makhleb.
  8399 | D:6      | Found Xaseyfroy's Food Boutique.
  8754 | D:6      | Reached skill level 5 in Hexes
  9556 | D:7      | Learned a level 3 spell: Tukima's Dance
  9573 | D:7      | Found a hide-covered altar of Uskayaw.
  9682 | D:6      | Reached skill level 6 in Hexes
 10528 | D:7      | Found a shadowy altar of Dithmenos.
 10539 | D:7      | Found a blossoming altar of Fedhas.
 10800 | D:7      | Reached skill level 5 in Spellcasting
 10814 | D:7      | Found a staircase to the Ecumenical Temple.
 10814 | D:7      | Found a sacrificial altar of Ru.
 10821 | D:7      | Reached skill level 7 in Hexes
 10821 | D:7      | Reached XP level 9. HP: 50/50 MP: 18/18
 11227 | D:7      | Found an iron altar of Okawaru.
 11516 | D:7      | Reached skill level 8 in Hexes
 11573 | D:7      | Found an ancient bone altar of Kikubaaqudgha.
 11657 | D:8      | Upgraded the game from 0.21.0 to 0.21.0-3-g78d12a8
 11658 | D:8      | Noticed Pikel
 11676 | D:8      | Killed Pikel
 12098 | D:8      | Reached skill level 9 in Hexes
 12201 | D:8      | Noticed a two-headed ogre
 12208 | D:8      | Killed a two-headed ogre
 12208 | D:8      | Reached * piety under Vehumet
 12208 | D:8      | Offered knowledge of Sandblast by Vehumet.
 12208 | D:8      | Reached XP level 10. HP: 56/56 MP: 22/22
 12240 | D:8      | Noticed Joseph
 12403 | D:8      | Reached skill level 10 in Hexes
 12503 | D:8      | Learned a level 3 spell: Dazzling Spray
 12634 | D:8      | Reached skill level 1 in Conjurations
 13298 | D:9      | Found a stormy altar of Qazlal.
 13377 | D:9      | Found a bloodstained altar of Trog.
 13408 | D:9      | Reached ** piety under Vehumet
 13412 | D:9      | Offered knowledge of Searing Ray by Vehumet.
 13936 | D:9      | Noticed Maurice
 13961 | D:9      | Killed Maurice
 14195 | D:10     | Entered Level 10 of the Dungeon
 14386 | D:10     | Noticed Psyche
 14402 | D:10     | Killed Psyche
 14706 | D:10     | Reached skill level 11 in Hexes
 14766 | D:10     | Noticed an eight-headed hydra
 14767 | D:10     | Noticed Sonja
 14783 | D:10     | Killed an eight-headed hydra
 14783 | D:10     | Reached skill level 5 in Conjurations
 14816 | D:10     | Killed Sonja
 15151 | D:10     | Offered knowledge of Stone Arrow by Vehumet.
 15151 | D:10     | Reached XP level 11. HP: 54/60 MP: 25/25
 15601 | D:10     | Found a staircase to the Lair.
 16444 | D:11     | Reached *** piety under Vehumet
 16498 | D:11     | Noticed a two-headed ogre
 16503 | D:11     | Killed a two-headed ogre
 16503 | D:11     | Reached skill level 10 in Dodging
 17375 | D:11     | Noticed an orc knight
 17396 | D:11     | Killed an orc knight
 17409 | D:11     | Found a staircase to the Orcish Mines.
 17411 | D:11     | Offered knowledge of Ignite Poison by Vehumet.
 17845 | Lair:1   | Entered Level 1 of the Lair of Beasts
 18766 | Lair:2   | Noticed a five-headed hydra
 18770 | Lair:2   | Killed a five-headed hydra
 18770 | Lair:2   | Reached skill level 12 in Hexes
 18780 | Lair:2   | Reached skill level 10 in Spellcasting
 18781 | Lair:2   | Noticed a four-headed hydra
 19007 | Lair:2   | Learned a level 3 spell: Ignite Poison
 19396 | Lair:2   | Reached skill level 1 in Fire Magic
 19431 | Lair:2   | Noticed a death yak
 19538 | Lair:2   | Noticed a death yak
 19556 | Lair:2   | Reached **** piety under Vehumet
 19827 | Lair:2   | Reached XP level 12. HP: 64/64 MP: 28/28
 19940 | Lair:2   | Learned a level 6 spell: Deflect Missiles
 20905 | Lair:2   | Killed a death yak
 20910 | Lair:2   | Killed a death yak
 21138 | Lair:2   | Killed a four-headed hydra
 21138 | Lair:2   | Offered knowledge of Conjure Flame by Vehumet.
 21144 | Lair:2   | Learned a level 3 spell: Conjure Flame
 21213 | Lair:3   | Found a dark tunnel.
 21226 | Volcano  | Entered a volcano
 21237 | Volcano  | Noticed a two-headed ogre
 21247 | Volcano  | Killed a two-headed ogre
 21247 | Volcano  | Reached skill level 10 in Conjurations
 21259 | Volcano  | Noticed a two-headed ogre
 21287 | Volcano  | Mangled by a two-headed ogre

Skill      XL: |  1  2  3  4  5  6  7  8  9 10 11 12 |
---------------+-------------------------------------+-----
Fighting       | 1 2 3 |  3.0
Short Blades   | 2 3 4 5 6 7 8 |  8.0
Dodging        | 3 4 5 7 8 9 10 11 | 11.3
Spellcasting   | 2 5 7 8 10 11 | 11.0
Hexes          | 3 7 9 11 12 | 12.8
Conjurations   | 5 9 10 | 10.1
Fire Magic     | 1 3 |  3.8
Stealth        | |  1.2
Evocations     | |  3.2

Action                   |  1- 3 |  4- 6 |  7- 9 | 10-12 || total
-------------------------+-------+-------+-------+-------++-------
Melee: Short sword       |    48 |   278 |   567 |   611 ||  1504
 Cast: Ensorcelled Hiber |       |       |    55 |    40 ||    95
       Confuse           |       |       |    65 |    72 ||   137
       Tukima's Dance    |       |       |     5 |     8 ||    13
       Dazzling Spray    |       |       |       |   104 ||   104
Evoke: Wand              |    13 |    31 |    17 |    42 ||   103
  Use: Potion            |       |     1 |     3 |     2 ||     6
       Scroll            |       |       |     5 |    21 ||    26
 Stab: Sleeping          |     2 |     3 |    33 |    25 ||    63
       Distracted        |       |     1 |     1 |       ||     2
       Paralysed         |       |     1 |     1 |     4 ||     6
       Betrayed ally     |       |     1 |       |       ||     1
       Confused          |       |       |    25 |    33 ||    58
       Invisible         |       |       |     1 |    12 ||    13
  Eat: Chunk             |     1 |    11 |    28 |    21 ||    61
       Ration            |       |       |     1 |     2 ||     3
Armor: Leather armour    |    14 |    11 |       |       ||    25
       Robe              |       |    46 |    78 |    52 ||   176
       Skin              |       |       |    28 |       ||    28
Dodge: Dodged            |    19 |   176 |   337 |   368 ||   900
